 Dungeon Crawl Stone Soup version 0.29.1 (webtiles) character file.

Game seed: 3052864355962346072

417 wakxed the Cudgeller (level 6, -1/39 HPs)
             Began as a Gargoyle Fighter on Sept 13, 2022.
             Was a Believer of Qazlal.
             Slain by an orc warrior
             ... wielding a +0 mace
              (15 damage)
             ... on level 4 of the Dungeon.
             The game lasted 00:11:47 (3526 turns).

wakxed the Cudgeller (Gargoyle Fighter)             Turns: 3526, Time: 00:11:48

Health: -1/39      AC: 14    Str: 22    XL:     6   Next: 93%
Magic:  6/6        EV:  7    Int:  8    God:    Qazlal [**....]
Gold:   162        SH:  8    Dex:  9    Spells: 5/5 levels left

rFire   . . .      SeeInvis .   a - +0 flail
rCold   . . .      Faith    .   c - +0 buckler
rNeg    + . .      Spirit   .   o - +0 chain mail
rPois   ∞          Reflect  .   (no helmet)
rElec   +          Harm     .   (no cloak)
rCorr   .          Rampage  .   (no gloves)
Will    .....                   (no boots)
Stlth   ..........              (no amulet)
HPRegen 0.13/turn               (no ring)
MPRegen 0.10/turn               (no ring)

@: mighty
A: sickness immunity, AC +4, negative energy resistance 1, electricity
resistance, torment resistance 1, petrification resistance
a: Renounce Religion, Upheaval


You were on level 4 of the Dungeon.
You worshipped Qazlal.
Qazlal was pleased with you.
You visited 1 branch of the dungeon, and saw 4 of its levels.

You collected 162 gold pieces.

Inventory:

Hand Weapons
 a - a +0 flail (weapon)
 b - a +2 sling of flaming
 k - a +2 scythe of protection
Missiles
 g - 2 atropa-tipped darts
 j - 4 javelins (quivered)
 l - 6 boomerangs of dispersal
 m - 6 poisoned darts
Armour
 c - a +0 buckler (worn)
 o - a +0 chain mail (worn)
Scrolls
 f - a scroll of poison
 h - a scroll of magic mapping
Potions
 i - 3 potions of curing


   Skills:
 + Level 4.7 Fighting
 * Level 4.7 Maces & Flails
 + Level 4.6 Armour
 + Level 4.6 Shields


You had 5 spell levels left.
You didn't know any spells.
Your spell library contained the following spells:

 Spells                   Type           Power      Damage    Failure   Level
 Necrotise                Necr           0%         1d4       99%         1
 Call Canine Familiar     Summ           0%         N/A       100%        3
 Portal Projectile        Hex/Tloc       0%         N/A       100%        3
 Teleport Other           Tloc           0%         N/A       100%        3
 Vampiric Draining        Necr           0%         2d6       100%        3
 Leda's Liquefaction      Hex/Erth       0%         N/A       100%        4
 Agony                    Necr           0%         N/A       100%        5
 Irradiate                Conj/Tmut      0%         3d11      100%        5


Dungeon Overview and Level Annotations

Branches:
Dungeon (4/15)
 Temple: D:4-7

Altars:
Qazlal
Trog


Innate Abilities, Weirdness & Mutations

You are immune to sickness and miasma.
Your stone body is resilient. (AC +4)
You are immune to poison.
You resist negative energy. (rN+)
You are resistant to electric shocks. (rElec)
You are resistant to unholy torment.
You are immune to petrification.


Message History

The orc warrior barely misses you.
You hit the orc warrior.
The orc warrior is lightly wounded.
The orc warrior hits you with a +0 mace.
* * * LOW HITPOINT WARNING * * *
You feel much better.
You hear a shout!
The orc warrior hits you but does no damage.
You feel very mighty all of a sudden.
An orc comes into view. It is wielding a +0 club.
The orc is engulfed in freezing vapours.
You kill the orc!
Qazlal accepts your kill.
The orc warrior hits you but does no damage.
You closely miss the orc warrior.
The orc warrior is lightly wounded.
The orc warrior hits you with a +0 mace.
You closely miss the orc warrior.
The orc warrior is lightly wounded.
You hear a shout!
You block the orc warrior's attack.
You sock the orc warrior!
The orc warrior is heavily wounded.
The orc barely misses you.
The orc warrior hits you but does no damage.
The orc warrior hits you with a +0 mace.
You block the orc's attack.
You hit the orc.
The orc is severely wounded.
You block the orc warrior's attack. You block the orc's attack.
You closely miss the orc.
The orc is severely wounded.
The orc hits you with a +0 club.
An orc comes into view. It is wielding a +0 trident.
The orc warrior hits you with a +0 mace.
You hit the orc.
You kill the orc!
Qazlal accepts your kill.
The orc warrior hits you with a +0 mace!
You die...

#### ##..###
#.....####
#........####
##...........##
#.............##
#..............##
##...........#.☼°#∩#
#............##@)o#
#.............##o..#
#..............##....#
#..............###()_#
#.........)......##..#
##............###. ###
#...........##
##.........##
#........##


You could see an orc warrior and an orc.

Vanquished Creatures
  Sigmund (D:3)
  An ogre (D:4)
  Ijyb (D:3)
  5 adders
  A worm (D:2)
  9 dart slugs
  7 orcs
  5 bats
  8 endoplasms
  4 giant cockroaches
  9 goblins
  11 hobgoblins
  3 jackals (D:2)
  3 quokkas
  7 ball pythons
  3 frilled lizards
  5 kobolds
  2 rats
85 creatures vanquished.

Notes
Turn   | Place    | Note
-------+----------+-------------------------------------------
     0 | D:1      | wakxed the Gargoyle Fighter began the quest for the Orb.
     0 | D:1      | Reached XP level 1. HP: 14/14 MP: 1/1
   171 | D:1      | Reached XP level 2. HP: 19/19 MP: 2/2
   435 | D:1      | Found a faded altar of an unknown god.
   443 | D:1      | Got Geazxesu's Reference Book on the Figure and Coordinates
   449 | D:1      | Prayed at the altar of an unknown god.
   449 | D:1      | Became a worshipper of Qazlal Stormbringer
   449 | D:1      | Reached * piety under Qazlal
   476 | D:1      | Reached XP level 3. HP: 21/23 MP: 3/3
  1426 | D:2      | Reached ** piety under Qazlal
  1427 | D:2      | Reached XP level 4. HP: 29/29 MP: 4/4
  1898 | D:3      | Noticed Sigmund
  2075 | D:3      | Reached XP level 5. HP: 20/33 MP: 5/5
  2489 | D:3      | Killed Sigmund
  2490 | D:3      | Reached XP level 6. HP: 23/39 MP: 6/6
  2793 | D:3      | Noticed Ijyb
  2805 | D:3      | Killed Ijyb
  3508 | D:4      | Noticed an orc warrior
  3510 | D:4      | Found a bloodstained altar of Trog.
  3526 | D:4      | Slain by an orc warrior

Illustrated notes

Levels and vault maps discovered:
D:1:      dpeg_arrival_morbid_curiosity, layout_loops_ring,
          hellmonk_ecumenical_altar_heavens_door
D:2:      layout_basic
D:3:      kennysheep_slugbush, layout_rooms, minmay_misc_feat_room,
          uniq_sigmund, uniq_ijyb
D:4:      layout_cave_pods, nzn_overflow_gifts_of_might_and_magic,
          gup_sewer_entry_spiral

Skill      XL: |  1  2  3  4  5 |
---------------+----------------+-----
Maces & Flails | 3 4 |  4.7
Fighting       | 4 |  4.7
Armour         | 4 |  4.6
Shields        | 4 |  4.6

Action                   |  1- 3 |  4- 6 || total
-------------------------+-------+-------++-------
Melee: Flail             |   114 |   124 ||   238
 Fire: Sling             |       |    22 ||    22
Throw: Javelin           |       |     5 ||     5
       Dart              |       |     3 ||     3
  Use: Scroll            |     3 |     8 ||    11
       Potion            |       |     7 ||     7
Armor: Scale mail        |    66 |    59 ||   125
       Chain mail        |       |     5 ||     5
       Skin              |       |     2 ||     2
Dodge: Dodged            |    61 |    61 ||   122
Block: Buckler           |    31 |    42 ||    73
